 Dungeon Crawl Stone Soup version 0.26.1-2-gb8aa6d0cf2 (webtiles) character file.

Game seed: 8303843263309469621

71750 dornbeast the Basher (level 14, 0/100 HPs)
             Began as a Demonspawn Fighter on Mar 6, 2021.
             Was the Champion of Yredelemnul.
             Slain by a six-headed hydra (7 damage)
             ... on level 1 of the Swamp on Mar 7, 2021.
             The game lasted 03:53:26 (27636 turns).

dornbeast the Basher (Demonspawn Fighter)          Turns: 27636, Time: 03:53:27

Health: 0/100      AC: 30    Str: 25    XL:     14   Next: 99%
Magic:  21/21      EV: 12    Int: 12    God:    Yredelemnul [******]
Gold:   1269       SH: 17    Dex: 13    Spells: 22/22 levels left

rFire    . . .     SeeInvis +   a - +6 flail (protect)
rCold    . . .     Faith    .   c - +1 kite shield
rNeg     . . .     Spirit   .   B - +2 acid dragon scales
rPois    .         Reflect  +   n - +2 hat
rElec    .         Harm     .   S - +2 cloak of the Thief {*Fog Slay-2 SInv Stlth+}
rCorr    +         Rampage  .   t - +2 pair of gloves
Will     ++...     Clarity  +   Q - +1 pair of boots {Fly}
Stlth    +++.......             e - amulet of reflection
HPRegen  0.26/turn              A - +6 ring of strength
MPRegen  0.17/turn              T - ring of stealth

@: protection aura, flying
A: claws 1, horns 1, thin metallic scales 2, clarity, demonic guardian 1,
strong-willed 1, powered by pain 2
a: Stop Flying, Renounce Religion, Recall Undead Slaves, Injury Mirror, Animate
Dead, Drain Life, Enslave Soul


You were on level 1 of the Swamp.
You worshipped Yredelemnul.
Yredelemnul was exalted by your worship.
You visited 3 branches of the dungeon, and saw 21 of its levels.
You also visited: Sewer, Gauntlet and Ice Cave.

You collected 1873 gold pieces.
You spent 604 gold pieces at shops.

Inventory:

Hand Weapons
 a - a +6 flail of protection (weapon)
Armour
 c - a +1 kite shield (worn)
 n - a +2 hat (worn)
 t - a +2 pair of gloves (worn)
 B - +2 acid dragon scales (worn)
 Q - a +1 pair of boots of flying (worn)
 S - the +2 cloak of the Thief (worn) {*Fog Slay-2 SInv Stlth+}
   (You bought it in a shop on level 8 of the Dungeon)

   It affects your accuracy and damage with ranged weapons and melee attacks
   (-2).
   It lets you see invisible.
   It makes you more stealthy.
Jewellery
 e - an amulet of reflection (around neck)
 f - an uncursed ring of resist corrosion
 A - a +6 ring of strength (left hand)
 T - a ring of stealth (right hand)
Wands
 b - a wand of enslavement (9)
 C - a wand of disintegration (24)
 E - a wand of flame (10)
 G - a wand of digging (12)
 H - a wand of iceblast (8)
Scrolls
 g - 5 scrolls of fog
 h - 8 scrolls of amnesia
 m - 7 scrolls of remove curse
 o - 12 scrolls of teleportation
 q - 2 scrolls of blinking
 r - a scroll of acquirement
 x - 5 scrolls of magic mapping
 y - a scroll of silence
 D - 2 scrolls of fear
 I - a scroll of enchant armour
Potions
 d - 5 potions of might
 i - a potion of ambrosia
 j - 7 potions of curing
 k - a potion of cancellation {unknown}
 l - a potion of brilliance {unknown}
 p - a potion of berserk rage
 s - a potion of haste
 u - 5 potions of flight
 z - a potion of magic
 F - a potion of invisibility
Miscellaneous
 v - a box of beasts
 Z - a phantom mirror


   Skills:
 * Level 6.2 Fighting
 - Level 14.0 Maces & Flails
 * Level 6.0 Armour
 - Level 5.0 Dodging
 * Level 6.0 Shields
 + Level 4.8 Spellcasting
 - Level 9.8 Conjurations
 - Level 9.0 Fire Magic
 - Level 8.9 Earth Magic
 - Level 10.0 Invocations


You had 22 spell levels left.
You didn't know any spells.
Your spell library contained the following spells:

 Spells                   Type           Power        Failure   Level
 Foxfire                  Conj/Fire      100%         1%          1
 Magic Dart               Conj           100%         1%          1
 Sandblast                Erth           48%          1%          1
 Conjure Flame            Conj/Fire      25%          4%          3
 Stone Arrow              Conj/Erth      50%          4%          3
 Sticky Flame             Conj/Fire      25%          16%         4
 Passwall                 Tmut/Erth      10%          19%         2
 Inner Flame              Hex/Fire       13%          36%         3
 Fireball                 Conj/Fire      12%          41%         5
 Lee's Rapid Deconstruct  Erth           12%          50%         5
 Mephitic Cloud           Conj/Pois/Air  10%          52%         3
 Ignite Poison            Fire/Tmut/Pois 10%          56%         3
 Animate Skeleton         Necr           4%           61%         1
 Beastly Appendage        Tmut           4%           61%         1
 Corona                   Hex            2%           61%         1
 Pain                     Necr           8%           61%         1
 Sting                    Tmut/Pois      8%           61%         1
 Blink                    Tloc           N/A          75%         2
 Call Imp                 Summ           2%           75%         2
 Poisonous Vapours        Pois/Air       4%           75%         2
 Slow                     Hex            2%           75%         2
 Wereblood                Tmut           2%           75%         2
 Leda's Liquefaction      Hex/Erth       6%           77%         4
 Petrify                  Tmut/Erth      13%          77%         4
 Gell's Gravitas          Tloc           1%           93%         3
 Lesser Beckoning         Tloc           1%           93%         3
 Portal Projectile        Hex/Tloc       4%           93%         3
 Spider Form              Tmut/Pois      1%           93%         3
 Teleport Other           Tloc           2%           93%         3
 Vampiric Draining        Necr           1%           93%         3
 Starburst                Conj/Fire      12%          94%         6
 Animate Dead             Necr           1%           100%        4
 Cause Fear               Hex            1%           100%        4
 Ice Form                 Ice/Tmut       2%           100%        4
 Olgreb's Toxic Radiance  Pois           2%           100%        4
 Passage of Golubria      Tloc           N/A          100%        4
 Agony                    Necr           2%           100%        5
 Blade Hands              Tmut           1%           100%        5
 Freezing Cloud           Conj/Ice/Air   5%           100%        6
 Ignition                 Fire           12%          100%        8


Dungeon Overview and Level Annotations

Branches:
Dungeon (14/15)            Temple (0/1) D:5            Lair (6/6) D:8
  Swamp (1/4) Lair:3        Snake (0/4) Lair:2        Slime (0/5) Lair:5
    Orc (0/2) D:10         Vaults (0/5) D:14          Sewer (visited)
  IceCv (visited)         Gauntlet (visited)

Altars:
Cheibriados
Fedhas
Gozag
Hepliaklqana
Nemelex Xobeh
Uskayaw
Vehumet
Yredelemnul
Zin
The Shining One
Beogh
Jiyva

Shops:
D:4 !:}[   D:8 [   D:14 :

Annotations:
D:5 1 runed translucent door, Crazy Yiuf
Lair:4 exclusion: 4 oklob plants
Lair:5 1 runed translucent door, Rupert, Snorg
Swamp:1 Nikola


Innate Abilities, Weirdness & Mutations

You have a pair of small horns on your head.
You are mostly covered in thin metallic scales. (AC +3)
A weak demonic guardian rushes to your aid.
You sometimes gain power by taking damage.
You have sharp fingernails.
You possess an exceptional clarity of mind.
You are strong-willed. (Will+)


Message History

You block the six-headed hydra's attack.
The six-headed hydra completely misses you.
You block the six-headed hydra's attack.
The six-headed hydra closely misses you.
You block the six-headed hydra's attack.
You sock the six-headed hydra!
You headbutt the six-headed hydra, but do no damage.
The six-headed hydra is severely wounded.
You block the six-headed hydra's attack.
The six-headed hydra bites you.
* * * LOW HITPOINT WARNING * * *
The six-headed hydra bites you but does no damage. x2
You block the six-headed hydra's attack.
The six-headed hydra barely misses you.
You feel better. The six-headed hydra bites you!
* * * LOW HITPOINT WARNING * * *
You block the six-headed hydra's attack. x3
The six-headed hydra bites you!
You die...
Your body rises from the dead as a mindless zombie.

♣§Zk≈≈≈§≈><..≈♣
♣♣R..≈≈♣≈≈).§§.
♣....≈≈[≈.)..≈
♣≈...≈..≈.W..≈
♣≈≈.≈≈.≈≈≈≈W..
♣♣≈.(..^.≈..♣.D.
♣.♣.....≈≈.♣.♣♣♣
♣♣♣..♣.≈≈≈≈≈≈ ♣
♣@♣.♣♣ ♣♣D♣♣ ♣♣♣


You could see a six-headed hydra.

Vanquished Creatures
  Jorgrun (D:13)
  Frances (D:13)
  An orc warlord (D:14)
  A reaper (IceCv)
  2 entropy weavers (Lair:3)
  A bunyip (Lair:3)
  An eleionoma (Swamp:1)
  A boulder beetle (Lair:4)
  5 hydras
  2 catoblepae
  A two-headed ogre (D:12)
  A dancing weapon (D:14)
  A death knight (D:13)
  4 death yaks (Lair:6)
  An orc high priest (D:14)
  Nergalle (D:9)
  4 skeletal warriors (D:13)
  An unseen horror (D:9)
  A lindwurm (Lair:5)
  A phantasmal warrior (D:13)
  4 ugly things
  A wolf spider zombie (D:13)
  A wolf spider (Lair:2)
  An orc sorcerer (D:14)
  A cyclops (D:13)
  2 manticores
  10 elephants
  3 gargoyles
  2 black mambas
  2 cane toads
  A rime drake (Lair:6)
  2 komodo dragons (Lair:2)
  2 kobold demonologists
  A freezing wraith (D:13)
  9 ice devils (IceCv)
  A polar bear (Lair:1)
  4 hornets
  A troll (D:12)
  A tyrant leech (Lair:3)
  10 blink frogs
  3 spriggans (Swamp:1)
  A wraith (D:11)
  A vampire (D:9)
  3 wyverns
  44 yaks
  A steam dragon (D:9)
  7 vampire mosquitoes
  3 basilisks
  A swamp worm (Swamp:1)
  5 soldier ants
  2 acid dragons
  10 water moccasins
  3 sky beasts
  4 ice beasts
  5 orc warriors
  3 ogres
  2 phantoms
  2 eyes of draining
  3 wolves (Lair:3)
  8 centaurs
  12 bullfrogs
  A wyvern zombie (D:10)
  A scorpion (D:10)
  3 killer bees (D:7)
  2 wights (D:13)
  6 howler monkeys
  A bullfrog zombie (D:7)
  A bullfrog skeleton (D:12)
  8 orc priests
  3 hounds
  2 jellies
  7 orc wizards
  3 centaur skeletons
  Ijyb (D:5)
  An iguana (D:12)
  A hell rat (Lair:1)
  16 worker ants
  A killer bee zombie (D:5)
  2 hound skeletons (D:4)
  Robin (D:3)
  A worker ant zombie (D:7)
  3 gnolls (D:8)
  6 river rats
  21 adders
  7 white imps
  10 ufetubi
  2 oozes
  An adder zombie (D:8)
  An adder skeleton (D:4)
  4 worms
  8 dart slugs
  4 leopard geckos
  31 orcs
  10 ball pythons
  5 bats
  6 giant cockroaches
  13 goblins
  6 hobgoblins
  9 jackals
  6 kobolds
  7 quokkas
  An electric eel zombie (D:11)
  6 frilled lizards
  A quokka zombie (D:9)
  21 rats
465 creatures vanquished.

Vanquished Creatures (collateral kills)
  A bunyip (Lair:3)
  3 hydras
  2 catoblepae (Lair:6)
  A centaur warrior (D:13)
  A queen ant (Lair:3)
  2 two-headed ogres
  A dancing weapon (D:14)
  4 death yaks (Lair:6)
  2 skeletal warriors (D:13)
  A lindwurm (Lair:5)
  2 orc knights (D:14)
  A manticore (Lair:6)
  2 ugly things
  2 elephants
  A black mamba (Lair:6)
  A gargoyle (D:13)
  4 cane toads
  5 komodo dragons
  2 rime drakes
  3 trolls
  2 polar bears
  Prince Ribbit (D:6)
  5 blink frogs
  A tyrant leech (Lair:3)
  A spriggan (Swamp:1)
  27 yaks
  A wraith (D:13)
  A shadow (D:11)
  2 basilisks (Lair:2)
  2 vampire mosquitoes
  Edmund (D:5)
  3 nagas (Lair:2)
  5 soldier ants
  3 water moccasins
  A sky beast (D:14)
  A black bear (shapeshifter) (D:14)
  14 orc warriors
  An eye of draining (D:14)
  2 phantoms
  A black bear (D:11)
  3 ice beasts
  5 ogres
  5 centaurs
  A wolf (Lair:3)
  16 bullfrogs
  A wyvern skeleton (D:13)
  4 scorpions
  3 killer bees (D:7)
  7 wights
  4 electric eels (D:11)
  6 howler monkeys
  3 centaur zombies
  2 quasits
  6 orc priests
  4 jellies
  A gnoll shaman (D:8)
  4 hounds
  2 centaur skeletons
  4 iguanas
  A hell rat (Lair:1)
  16 worker ants
  9 orc wizards
  2 hound skeletons (D:6)
  2 gnolls (D:8)
  11 adders
  5 river rats (Lair:1)
  A shadow imp (D:7)
  A white imp (IceCv)
  An ufetubus (D:5)
  An adder zombie (D:5)
  An adder skeleton (D:9)
  6 dart slugs (D:5)
  5 leopard geckos
  14 orcs
  A giant cockroach (D:7)
  3 goblins (D:3)
  2 jackals (D:11)
  A quokka (D:8)
  4 ball pythons (Sewer)
  A quokka skeleton (D:9)
  A quokka zombie (D:6)
  15 rats
  A bush (Lair:5)
302 creatures vanquished.

Vanquished Creatures (others)
  2 skeletal warriors
  3 phantasmal warriors
  2 spectral elves
  18 flying skulls
  2 wraiths
  2 wights
  A wolf spider zombie (Lair:2)
  A dwarf zombie (D:13)
  An ugly thing zombie (D:11)
  A death yak zombie (Lair:6)
  A hydra zombie (Swamp:1)
  A catoblepas zombie (Lair:6)
  7 centaur zombies
  A mummy (Swamp:1)
  3 elephant zombies
  A human zombie (D:13)
  A queen ant zombie (Lair:3)
  3 white imps (IceCv)
  A tyrant leech zombie (Lair:3)
  4 vampire mosquito zombies
  A black mamba zombie (Lair:6)
  3 ufetubi (IceCv)
  A wolf zombie (Lair:3)
  A hornet zombie (Swamp:1)
  A wyvern zombie (Lair:3)
  2 blink frog zombies
  2 komodo dragon zombies
  A manticore zombie (Lair:6)
  2 spriggan zombies (Swamp:1)
  2 basilisk zombies
  A kobold zombie (D:13)
  A naga zombie (Lair:2)
  2 ogre zombies
  An acid dragon zombie (D:13)
  6 adder zombies
  4 ball python zombies (Sewer)
  7 bullfrog zombies
  A dart slug zombie (D:5)
  An electric eel zombie (D:11)
  A frilled lizard zombie (Sewer)
  A goblin zombie (D:3)
  2 howler monkey zombies (D:9)
  2 killer bee zombies (D:7)
  14 orc zombies
  A quokka zombie (D:9)
  8 rat zombies (Sewer)
  A scorpion zombie (D:9)
  3 soldier ant zombies (Lair:3)
  A steam dragon zombie (D:9)
  3 water moccasin zombies
  8 worker ant zombies
  12 yak zombies
  79 fungi
  219 plants
451 creatures vanquished.

Grand Total: 1218 creatures vanquished

Notes
Turn   | Place    | Note
-------+----------+-------------------------------------------
     0 | D:1      | dornbeast the Demonspawn Fighter began the quest for the
                  | Orb.
     0 | D:1      | Reached XP level 1. HP: 18/18 MP: 1/1
    91 | D:1      | Reached skill level 2 in Maces & Flails
   136 | D:1      | Gained mutation: You sometimes gain a little power by
                  | taking damage. [demonic ancestry]
   136 | D:1      | Reached XP level 2. HP: 20/24 MP: 2/2
   481 | D:1      | Reached XP level 3. HP: 29/29 MP: 3/3
  1516 | D:2      | Reached XP level 4. HP: 4/35 MP: 4/4
  2328 | D:3      | Reached skill level 3 in Maces & Flails
  2547 | D:3      | Found a faded altar of an unknown god.
  2561 | D:3      | Became a worshipper of Yredelemnul the Dark
  2561 | D:3      | Reached * piety under Yredelemnul
  2811 | D:3      | Found a sparkling altar of Nemelex Xobeh.
  2906 | D:3      | Found a glowing golden altar of the Shining One.
  2906 | D:3      | Found a radiant altar of Vehumet.
  2925 | D:3      | Noticed Robin
  2933 | D:3      | Reached XP level 5. HP: 38/41 MP: 5/5
  3087 | D:3      | Killed Robin
  3141 | D:3      | Found a glowing silver altar of Zin.
  3233 | D:4      | Found Edesal's Gadget Boutique.
  3243 | D:4      | Reached ** piety under Yredelemnul
  3264 | D:4      | Found Juodum's Distillery.
  3265 | D:4      | Found Gagiewaza's Antique Armour Boutique.
  3265 | D:4      | Found Lac Gousota's Book Boutique.
  3403 | D:4      | Found a glowing drain.
  3407 | Sewer    | Entered a sewer
  3444 | Sewer    | Reached XP level 6. HP: 48/48 MP: 6/6
  3680 | Sewer    | Reached skill level 4 in Maces & Flails
  3688 | Sewer    | Reached *** piety under Yredelemnul
  4356 | D:4      | Bought a potion of attraction for 42 gold pieces
  4419 | D:4      | Received a gift from Yredelemnul (a mummy)
  5101 | D:4      | Gained mutation: You sometimes gain power by taking damage.
                  | [demonic ancestry]
  5101 | D:4      | Reached XP level 7. HP: 52/55 MP: 7/7
  5257 | D:5      | Entered Level 5 of the Dungeon
  5400 | D:5      | Noticed Ijyb
  5430 | D:5      | Killed Ijyb
  5438 | D:5      | Reached skill level 5 in Maces & Flails
  5462 | D:5      | Received a gift from Yredelemnul (4 flying skulls)
  5527 | D:5      | Found a staircase to the Ecumenical Temple.
  5531 | D:5      | Noticed Edmund
  5542 | D:5      | Killed Edmund
  5658 | D:5      | Identified the +5 mace "Mobeb" {holy, Int+4} (You found it
                  | on level 5 of the Dungeon)
  5679 | D:5      | Found an opulent altar of Gozag.
  6001 | D:5      | Found a runed translucent door.
  6002 | D:5      | Noticed Crazy Yiuf
  6253 | D:6      | Reached skill level 5 in Fighting
  6272 | D:6      | Gained mutation: A weak demonic guardian rushes to your
                  | aid. [demonic ancestry]
  6272 | D:6      | Reached XP level 8. HP: 62/62 MP: 8/8
  6480 | D:6      | Reached **** piety under Yredelemnul
  6510 | D:6      | Reached skill level 1 in Invocations
  6518 | D:6      | Reached skill level 1 in Dodging
  6552 | D:6      | Reached skill level 6 in Maces & Flails
  6615 | D:6      | Noticed Prince Ribbit
  6630 | D:6      | Killed Prince Ribbit
  6724 | D:6      | Reached skill level 5 in Armour
  6724 | D:6      | Reached skill level 5 in Shields
  7044 | D:7      | Received a gift from Yredelemnul (a wight)
  7211 | D:7      | Reached skill level 7 in Maces & Flails
  7215 | D:7      | Received a gift from Yredelemnul (5 flying skulls)
  7299 | D:7      | Reached XP level 9. HP: 68/68 MP: 12/12
  7885 | D:8      | Found a staircase to the Lair.
  7995 | D:8      | Noticed a two-headed ogre
  8003 | D:8      | Killed a two-headed ogre
  8004 | D:8      | Reached skill level 5 in Invocations
  8163 | D:8      | Reached ***** piety under Yredelemnul
  8221 | D:8      | Reached skill level 8 in Maces & Flails
  8236 | D:8      | Found a snail-covered altar of Cheibriados.
  8238 | D:8      | Found a hazy altar of Hepliaklqana.
  8238 | D:8      | Found a radiant altar of Vehumet.
  8238 | D:8      | Found a hide-covered altar of Uskayaw.
  8331 | D:8      | Noticed a green ugly thing
  8338 | D:8      | Noticed a troll
  8348 | D:8      | Killed a green ugly thing
  8350 | D:8      | Killed a troll
  8367 | D:8      | Identified the cursed +0 mace of the Pillar {vorpal, rF-
                  | Dex+3}
  8419 | D:8      | Received a gift from Yredelemnul (a wraith)
  8552 | D:8      | Found Efoizatt's Antique Armour Shoppe.
  8555 | D:8      | Bought the +2 cloak of the Thief {*Fog Slay-2 SInv Stlth+}
                  | for 562 gold pieces
  8555 | D:8      | Found the +2 cloak of the Thief {*Fog Slay-2 SInv Stlth+}
  8717 | D:9      | Reached skill level 9 in Maces & Flails
  8777 | D:9      | Received a gift from Yredelemnul (a vampire)
  8894 | D:9      | Reached skill level 5 in Dodging
  8897 | D:9      | Reached XP level 10. HP: 74/74 MP: 13/13
  8922 | D:9      | Noticed an unseen horror
  8942 | D:9      | Killed an unseen horror
  8943 | D:9      | Reached skill level 10 in Maces & Flails
  8973 | D:9      | Noticed a cyan ugly thing
  8995 | D:9      | Killed a cyan ugly thing
  9324 | D:9      | Reached skill level 11 in Maces & Flails
  9330 | D:9      | Received a gift from Yredelemnul (a wight)
  9661 | D:10     | Entered Level 10 of the Dungeon
  9661 | D:10     | Found a staircase to the Orcish Mines.
  9727 | Lair:1   | Entered Level 1 of the Lair of Beasts
  9862 | Lair:1   | Reached skill level 1 in Conjurations
  9862 | Lair:1   | Reached skill level 1 in Fire Magic
  9862 | Lair:1   | Reached skill level 1 in Earth Magic
 10130 | Lair:1   | Noticed a cane toad
 10135 | Lair:1   | Killed a cane toad
 10615 | Lair:2   | Gained mutation: You have a pair of small horns on your
                  | head. [demonic ancestry]
 10615 | Lair:2   | Reached XP level 11. HP: 73/79 MP: 14/14
 10696 | Lair:2   | Found a staircase to the Snake Pit.
 10707 | Lair:2   | Received a gift from Yredelemnul (2 flying skulls)
 10729 | Lair:2   | Noticed a wolf spider
 10751 | Lair:2   | HP: 1/79 [poisoned by a wolf spider]
 10787 | Lair:2   | Found a gate leading to a gauntlet.
 10796 | Gauntlet | Entered a Gauntlet
 10796 | Gauntlet | Found a transporter.
 10892 | Gauntlet | Found a transporter.
 10894 | Gauntlet | Found a transporter.
 10895 | Gauntlet | Found a transporter.
 10902 | Gauntlet | Noticed a tengu warrior
 10903 | Gauntlet | Found a transporter.
 10906 | Gauntlet | Found a transporter.
 10907 | Gauntlet | Found a transporter.
 10909 | Gauntlet | Noticed a tengu warrior
 10918 | Gauntlet | Found a transporter.
 10919 | Gauntlet | Found a transporter.
 10919 | Gauntlet | Found a transporter.
 10928 | Gauntlet | Found a transporter.
 10930 | Gauntlet | Found a transporter.
 10931 | Gauntlet | Found a transporter.
 10937 | Gauntlet | Noticed a death drake
 10939 | Gauntlet | Found a transporter.
 10986 | Gauntlet | Found a runed translucent door.
 11290 | Lair:2   | Killed a wolf spider
 11709 | Lair:2   | Reached skill level 12 in Maces & Flails
 12322 | Lair:3   | Found a staircase to the Swamp.
 13422 | Lair:4   | Noticed a boulder beetle
 13476 | Lair:4   | Found a frozen archway.
 13493 | Lair:4   | Received a gift from Yredelemnul (5 flying skulls)
 13498 | IceCv    | Entered an ice cave
 13590 | IceCv    | Gained mutation: You are partially covered in thin metallic
                  | scales. (AC +2) [demonic ancestry]
 13590 | IceCv    | Reached XP level 12. HP: 68/86 MP: 17/17
 14090 | IceCv    | Reached skill level 5 in Conjurations
 14251 | IceCv    | Noticed a reaper
 14269 | IceCv    | Killed a reaper
 14308 | IceCv    | Gained mutation: You possess an exceptional clarity of
                  | mind. [potion of mutation]
 14308 | IceCv    | Gained mutation: You are strong-willed. (Will+) [potion of
                  | mutation]
 14308 | IceCv    | Gained mutation: You have sharp fingernails. [potion of
                  | mutation]
 14535 | Lair:4   | Killed a boulder beetle
 14633 | Lair:4   | Noticed a seven-headed hydra
 14646 | Lair:4   | Killed a seven-headed hydra
 14754 | Lair:4   | Reached skill level 13 in Maces & Flails
 14808 | Lair:4   | Received a gift from Yredelemnul (a wraith)
 14887 | Lair:4   | Reached skill level 5 in Fire Magic
 14887 | Lair:4   | Noticed an entropy weaver
 14888 | Lair:4   | Noticed a queen ant
 14924 | Lair:3   | Killed a queen ant
 14925 | Lair:3   | Reached skill level 5 in Earth Magic
 15084 | Lair:3   | Killed an entropy weaver
 15125 | Lair:4   | Noticed an entropy weaver
 15166 | Lair:3   | Killed an entropy weaver
 15486 | Lair:4   | Noticed a four-headed hydra
 15497 | Lair:4   | Killed a four-headed hydra
 16097 | Lair:5   | Received a gift from Yredelemnul (a wraith)
 16556 | Lair:5   | Found a runed translucent door.
 16556 | Lair:5   | Found a viscous altar of Jiyva.
 16559 | Lair:5   | Noticed an acid blob
 16581 | Lair:5   | Noticed Rupert
 16618 | Lair:5   | Reached XP level 13. HP: 76/91 MP: 20/20
 17159 | Lair:5   | Noticed Snorg
 17408 | Lair:5   | Found a staircase to the Slime Pits.
 17460 | Lair:6   | Entered Level 6 of the Lair of Beasts
 17691 | Lair:6   | Received a gift from Yredelemnul (2 flying skulls)
 18301 | Lair:6   | Reached skill level 14 in Maces & Flails
 18301 | Lair:6   | Reached skill level 10 in Invocations
 19016 | Lair:6   | Reached skill level 1 in Spellcasting
 19077 | Lair:6   | Received a gift from Yredelemnul (a phantasmal warrior)
 19643 | D:10     | Noticed Nergalle
 19671 | D:9      | Killed Nergalle
 20422 | D:11     | Received a gift from Yredelemnul (a skeletal warrior)
 20766 | D:11     | Received a gift from Yredelemnul (a phantasmal warrior)
 20953 | D:11     | You are sucked into a shaft and drop 3 floors!
 21016 | D:13     | Gained mutation: You are mostly covered in thin metallic
                  | scales. (AC +3) [demonic ancestry]
 21016 | D:13     | Reached XP level 14. HP: 59/98 MP: 21/21
 22179 | D:13     | Noticed Jorgrun
 22215 | D:13     | Killed Jorgrun
 22689 | D:13     | Your ally Jorgrun died
 23113 | D:13     | Noticed Frances
 23136 | D:13     | Killed Frances
 23428 | D:13     | Identified a scroll of acquirement
 23490 | D:14     | Found Xumoque's Book Shoppe.
 23538 | D:14     | Identified the +2 spear "Qeetiamm" {speed, *Noise rElec rC+
                  | SInv} (You found it on level 14 of the Dungeon)
 23539 | D:14     | Found a gate to the Vaults.
 23705 | D:14     | Found a blossoming altar of Fedhas.
 23837 | D:14     | Noticed an orc warlord
 23885 | D:14     | Killed an orc warlord
 24357 | D:14     | Received a gift from Yredelemnul (a phantasmal warrior)
 24441 | D:14     | Found a roughly hewn altar of Beogh.
 25952 | D:11     | Received a gift from Yredelemnul (a phantasmal warrior)
 26711 | Swamp:1  | Entered Level 1 of the Swamp
 26715 | Swamp:1  | Noticed Nikola
 27563 | Swamp:1  | Received a gift from Yredelemnul (a skeletal warrior)
 27627 | Swamp:1  | Reached ****** piety under Yredelemnul
 27636 | Swamp:1  | Slain by a six-headed hydra

Illustrated notes

Levels and vault maps discovered:
D:1:      amcnicky_arrival_underground_garden, layout_loops_ring
D:2:      layout_loops_cross
D:3:      layout_rooms, lemuel_coloured_pillars_altar, nemelex_altar_shiori,
          gammafunk_temple_overflow_wave, chequers_ecumenical_altar_simple,
          uniq_robin
D:4:      layout_loops_ring, gup_sewer_entry_spiral, st_stairs_5,
          minmay_shop_grid_forest
D:5:      kennysheep_slugbush, layout_basic, minmay_temple_entry_grid,
          basic_altar, uniq_edmund, uniq_crazy_yiuf_cottage, uniq_ijyb
D:6:      layout_basic, chequers_arboretum, minmay_fountain_box,
          nzn_random_ring, uniq_prince_ribbit1
D:7:      layout_rooms, minmay_chambers_of_fives
D:8:      minmay_the_grid_octo_tiled_squarecenter [minmay_the_grid_octo_shrine,
          minmay_the_grid_octo_checkered, minmay_the_grid_octo_fat_diamond,
          minmay_the_grid_octo_teeth,
          minmay_the_grid_square_5x5_megaprize_diamond,
          minmay_the_grid_square_5x5_three,
          minmay_the_grid_square_5x5_tetrominoes,
          minmay_the_grid_square_5x5_shuriken, minmay_the_grid_square_5x5_two],
          layout_loops_ring, serial_shops, nicolae_shop_behind_doors
D:9:      cheibrodos_fzero, layout_loops_ring
D:10:     layout_rooms, orc_0_dummy, uniq_nergalle
D:11:     layout_loops_ring, serial_bayou, serial_bayou_shore_a,
          serial_bayou_pond_e, serial_bayou_pond_e, serial_bayou_lagoon_a,
          centaur_isle
D:12:     layout_basic
D:13:     layout_irregular_city, uniq_jorgrun, uniq_frances
D:14:     orc_temple, layout_irregular_city, erik_vaults_1, serial_shops,
          kennysheep_mini_moat, fedhas_altar_4
Lair:1:   layout_roguey, kennysheep_rathole
Lair:2:   minmay_lair_venomous_thicket, layout_cave_pods,
          guppyfry_snake_entry_garden, gauntlet_entry_generic,
          grunt_megastairs_1
Lair:3:   layout_cellular_growth, swamp_mist
Lair:4:   layout_concentric_octagons, portal_ice_cave_entry_pillars_1,
          minmay_another_anthill, infiniplex_staircase_pool_2,
          minmay_lair_oklob_chamber
Lair:5:   layout_regular_city, slime_altar_2, st_stairs_7, grunt_megastairs_5,
          uniq_rupert, uniq_snorg
Lair:6:   evilmike_catoblepas_cave, layout_gridlike, zaba_anthole, st_stairs_3
Swamp:1:  layout_falls_marsh, hangedman_swamp_ruin_wall, uniq_nikola

Skill      XL: |  1  2  3  4  5  6  7  8  9 10 11 12 13 14 |
---------------+-------------------------------------------+-----
Maces & Flails | 2 3 4 5 7 9 11 12 13 14 | 14.0
Shields        | 3 4 5 6 |  6.0
Armour         | 3 4 5 6 |  6.0
Fighting       | 4 5 6 |  6.2
Invocations    | 4 5 7 9 10 | 10.0
Dodging        | 2 5 |  5.0
Conjurations   | 2 4 6 8 9 |  9.8
Fire Magic     | 2 4 5 7 9 |  9.0
Earth Magic    | 2 4 5 7 8 |  8.9
Spellcasting   | 2 4 |  4.8

Action                   |  1- 3 |  4- 6 |  7- 9 | 10-12 | 13-15 || total
-------------------------+-------+-------+-------+-------+-------++-------
Melee: Flail             |   143 |   333 |   208 |   794 |  1130 ||  2608
       Headbutt          |       |       |       |   154 |   309 ||   463
Invok: Animate Remains   |       |    11 |       |       |       ||    11
       Animate Dead      |       |     9 |    30 |    51 |    69 ||   159
       Recall Undead Sla |       |       |     1 |     2 |     3 ||     6
       Drain Life        |       |       |       |     2 |       ||     2
       Enslave Soul      |       |       |       |       |     2 ||     2
Evoke: Wand              |       |       |       |     7 |     6 ||    13
  Use: Scroll            |       |     5 |     4 |    19 |    17 ||    45
       Potion            |       |     1 |       |    12 |    10 ||    23
 Stab: Distracted        |       |       |     2 |     7 |    25 ||    34
       Sleeping          |       |       |       |     1 |     3 ||     4
Armor: Scale mail        |    81 |   167 |    90 |   311 |   159 ||   808
       Acid dragon scale |       |       |       |       |   159 ||   159
Dodge: Dodged            |    42 |    87 |    67 |   236 |   283 ||   715
Block: Kite shield       |    75 |   188 |   116 |   397 |   731 ||  1507
       Reflection        |       |       |       |       |    32 ||    32
